 Dungeon Crawl Stone Soup version 0.29.1-2-gbd0b4ee654 (webtiles) character file.

Game seed: 1724799367671769061

337414 boopmooplesden the Axe Maniac (level 21, -1/214 HPs)
             Began as a Minotaur Berserker on Nov 29, 2022.
             Was the Champion of Trog.
             Shot with a bolt by a deep elf archer (29 damage)
             ... led by a deep elf high priest
             ... on level 5 of the Vaults.
             The game lasted 01:19:42 (52143 turns).

boopmooplesden the Axe Maniac (Minotaur Berserker) Turns: 52143, Time: 01:19:43

Health: -1/214     AC: 33    Str: 36    XL:     21   Next: 31%
Magic:  20/20      EV: 14    Int: 10    God:    Trog [******]
Gold:   207        SH: 16    Dex:  9    Spells: 20/20 levels left

rFire   + . .      SeeInvis +   Q - +7 broad axe of Infinite Pain {vorpal, rC+ Will++ Stlth-}
rCold   + + +      Faith    .   U - +3 warlock's mirror {reflect}
rNeg    + . .      Spirit   .   m - +3 pearl dragon scales
rPois   .          Reflect  +   g - +2 hat {Will+}
rElec   +          Harm     .   I - +0 cloak
rCorr   +          Rampage  .   E - +3 pair of gloves of Irerph {Slay+5}
Will    +++..                   Z - +2 pair of boots {Fly}
Stlth   +.........              n - amulet "Raunyz" {Reflect SH+5 SInv Stlth+}
HPRegen 0.45/turn               R - ring "Xugiusoch" {rElec rC++ rCorr Str+6 Dex-4}
MPRegen 0.17/turn               o - ring of Xohum {*Corrode rF+ rC++ Will- Int+6}

@: on berserk cooldown, flying, slowed, studying Necromancy, very slow
A: horns 2, retaliatory headbutt
}: 1/15 runes: gossamer
a: Renounce Religion, Berserk, Trog's Hand, Brothers in Arms


You were on level 5 of the Vaults.
You worshipped Trog.
Trog was exalted by your worship.
You visited 6 branches of the dungeon, and saw 34 of its levels.
You also visited: Sewer, Ossuary, Ice Cave and Volcano.

You collected 4466 gold pieces.
You spent 4259 gold pieces at shops.

Inventory:

Hand Weapons
 K - a +9 war axe of freezing
 L - a +9 broad axe of flaming
 M - the +5 executioner's axe of Impatience {flame, rN+}
   (Trog gifted it to you on level 8 of the Dungeon)

   It burns those it strikes, dealing additional fire damage.
   Big, fiery blades are also staple armaments of hydra-hunters.
   rN:        It protects you from negative energy.
 Q - the +7 broad axe of Infinite Pain (weapon) {vorpal, rC+ Will++ Stlth-}
   (Trog gifted it to you on level 4 of the Spider Nest)

   It inflicts extra damage upon your enemies.
   rC:        It protects you from cold.
   Will:      It greatly increases your willpower.
   Stlth:     It makes you less stealthy.
Missiles
 x - 13 boomerangs of dispersal (quivered)
Armour
 b - quicksilver dragon scales
 g - a +2 hat of willpower (worn)
 m - +3 pearl dragon scales (worn)
 w - the +15 Maxwell's patent armour {-Cast -Tele rElec Will+ rCorr}
   (You took it off a deep elf blademaster on level 3 of the Elven Halls)

   rElec:     It insulates you from electricity.
   -Cast:     It prevents spellcasting.
   -Tele:     It prevents most forms of teleportation.
   rCorr:     It protects you from acid and corrosion.
   Will:      It increases your willpower.
 B - a +0 pair of gloves of strength
 E - the +3 pair of gloves of Irerph (worn) {Slay+5}
   (You found it in an ossuary)

   Slay:      It affects your accuracy & damage with ranged weapons and melee
   (+5).
 I - a +0 cloak (worn)
 T - the +0 plate armour of the Lion {Will+ Int+2 Stlth+}
   (You took it off a deep elf blademaster on level 3 of the Elven Halls)

   Int:       It affects your intelligence (+2).
   Will:      It increases your willpower.
   Stlth:     It makes you more stealthy.
 U - the +3 warlock's mirror (worn) {reflect}
   (You found it on level 10 of the Dungeon)

   It can block and reflect piercing ranged attacks and magical attacks against
   the wielder's willpower.
 Z - a +2 pair of boots of flying (worn)
Jewellery
 h - an amulet of regeneration
 k - the ring "Zisott" {Drain rPois Will+++ Int+2 Dex+6}
   (You took it off a vault sentinel on level 3 of the Vaults)

   [ring of dexterity]

   Int:       It affects your intelligence (+2).
   Dex:       It affects your dexterity (+6).
   rPois:     It protects you from poison.
   Drain:     It drains your maximum health when unequipped.
   Will:      It greatly increases your willpower.
 n - the amulet "Raunyz" (around neck) {Reflect SH+5 SInv Stlth+}
   (You bought it in a shop on level 3 of the Dungeon)

   [amulet of reflection]

   It reflects blocked missile attacks.
   SInv:      It lets you see invisible.
   SH:        It affects your SH (+5).
   Stlth:     It makes you more stealthy.
 o - the ring of Xohum (right hand) {*Corrode rF+ rC++ Will- Int+6}
   (You bought it in a shop on level 3 of the Dungeon)

   [ring of intelligence]

   Int:       It affects your intelligence (+6).
   rF:        It protects you from fire.
   rC:        It greatly protects you from cold.
   *Corrode:  It may corrode you when you take damage.
   Will:      It decreases your willpower.
 q - a ring of poison resistance
 t - an amulet of the acrobat
 v - the ring "Deux" {rCorr Dex+2 Slay+4}
   (You took it off a deep elf demonologist on level 3 of the Elven Halls)

   [ring of slaying]

   Dex:       It affects your dexterity (+2).
   Slay:      It affects your accuracy & damage with ranged weapons and melee
   (+4).
   rCorr:     It protects you from acid and corrosion.
 N - a ring of resist corrosion
 R - the ring "Xugiusoch" (left hand) {rElec rC++ rCorr Str+6 Dex-4}
   (You bought it in a shop on level 2 of the Orcish Mines)

   [ring of strength]

   Str:       It affects your strength (+6).
   Dex:       It affects your dexterity (-4).
   rC:        It greatly protects you from cold.
   rElec:     It insulates you from electricity.
   rCorr:     It protects you from acid and corrosion.
Wands
 i - a wand of charming (54)
 l - a wand of polymorph (19)
 p - a wand of roots (55)
 s - a wand of light (26)
 P - a wand of flame (41)
 S - a wand of mindburst (12)
Scrolls
 y - 3 scrolls of silence
 A - 19 scrolls of teleportation
 D - 3 scrolls of fear
 J - 2 scrolls of blinking
 Y - 3 scrolls of summoning
Potions
 c - 2 potions of resistance
 d - 9 potions of heal wounds
 e - 4 potions of flight
 f - 7 potions of mutation
 j - 27 potions of curing
 r - 8 potions of haste
 u - 4 potions of invisibility
 z - 2 potions of berserk rage
 F - 3 potions of lignification
 G - 5 potions of might
 H - 6 potions of magic
 O - 9 potions of ambrosia
Miscellaneous
 a - a condenser vane
 V - a phial of floods
 W - a phantom mirror


   Skills:
 + Level 24.2 Fighting
 O Level 27 Axes
 + Level 17.4 Armour
 + Level 12.8 Dodging
 + Level 4.8 Stealth
 + Level 19.2 Shields


You had 20 spell levels left.
You didn't know any spells.
Your spell library was empty.

Dungeon Overview and Level Annotations

Branches:
Dungeon (15/15)            Temple (0/1) D:6            Lair (5/5) D:11
 Shoals (0/4) Lair:2       Spider (4/4) Lair:3        Slime (0/5) Lair:4
    Orc (2/2) D:10            Elf (3/3) Orc:2        Vaults (5/5) D:13
  Crypt (0/3) Vaults:2     Depths (0/4) D:15          Sewer (visited)
Ossuary (visited)           IceCv (visited)         Volcano (visited)

Altars:
Dithmenos
Fedhas
Kikubaaqudgha
Nemelex Xobeh
Qazlal
Ru
Vehumet
Wu Jian
Zin
The Shining One
Jiyva
Lugonu

Shops:
D:1 :!   D:3 =:([   D:7 [   D:14 (   Orc:2 !=([   Elf:3 ?   Vaults:2 (
Vaults:4 ?

Portals:
Abyss: D:4


Innate Abilities, Weirdness & Mutations

You have a pair of horns on your head.
You reflexively headbutt those who attack you in melee.


Message History

You closely miss the vault warden. You headbutt the vault warden!
The vault warden is almost dead.
The vault warden hits you with a +0 great sword!!
You slice the vault warden like a ripe choko!!!
You feel the power of Trog in you as your rage grows.
You kill the vault warden!
Trog accepts your kill.
Trog appreciates your killing of a magic user.
The runic seals fade away.
The lich casts a spell at you. The bolt of cold hits you! You resist.
A tengu reaver comes into view. It is wielding a +0 long sword.
The lich launches a ball of destructive magic.
An orb of destruction comes into view.
Things that are here:
a +0 dire flail; a +0 animal skin; an ogre corpse You feel a strong urge to attack something.
The lich conjures a glowing orb.
A deep elf archer comes into view. It is wielding a +0 triple crossbow.
The deep elf archer shouts!
An orb of destruction comes into view.
Items here: $ ))) [[[ †.
You are no longer berserk.
You are exhausted.
You feel yourself slow down.
Your +3 warlock's mirror {reflect} reflects the orb of destruction!
The lich conjures a glowing orb.
An orb of destruction comes into view.
Items here: )))))))) [[[[[[ ÷.
The deep elf annihilator attacks as you move away!
The deep elf annihilator hits you with a +0 long sword.
The lich seems less brilliant.
The orb of destruction hits you!!!!
* * * LOW HITPOINT WARNING * * *
The orb fizzles.
The deep elf annihilator casts a spell.
The deep elf annihilator blinks!
The teleport trap disappears.
The deep elf annihilator disappears!
The deep elf annihilator reappears nearby!
The deep elf archer shoots a bolt.
The bolt hits you!!
You die...

#....#..# #..#
#...e#..# ....
#....#..#####.
.....#....#........
#....#....#§)......
...........)H.....
####......).#######
.......§<)))......
......<○L@[.......
......°<☼[)...)...
.......°[[).......
####..Q.[...######
#e...)[.....+
#...#....#.###
....##....#+# ...#
#....##. .. #....#
..


You could see a sphinx, a tengu reaver, a lich (fast, invisible), a deep elf
annihilator and a deep elf archer (repels missiles).

Vanquished Creatures
  A dread lich (Vaults:5)
  Saint Roka (Orc:2)
  Jorgrun (Spider:3)
  3 deep elf blademasters
  2 tentacled monstrosities (Vaults:5)
  A quicksilver dragon (Vaults:4)
  A deep elf master archer (Elf:3)
  Frances (Spider:1)
  4 sphinxes (Vaults:3)
  3 tengu reavers
  Agnes (Spider:1)
  2 frost giants
  A ghost moth (Spider:3)
  2 orc warlords
  2 emperor scorpions
  19 vault wardens
  7 deep elf sorcerers (Elf:3)
  5 deep elf elementalists (Elf:3)
  6 stone giants
  12 very ugly things
  2 broodmothers (Spider:2)
  21 ironbound preservers
  7 ironbound thunderhulks
  A vampire knight (Vaults:3)
  3 deep elf demonologists (Elf:3)
  7 entropy weavers
  Azrael (D:13)
  8 deep elf annihilators
  A black draconian (Vaults:3)
  2 spark wasps
  2 fire dragons
  Snorg (D:11)
  6 deep elf death magi
  6 deep elf high priests
  6 ettins
  Josephine (D:11)
  15 yaktaur captains
  42 vault guards
  4 great orbs of eyes
  Erolcha (D:9)
  2 peacekeepers
  3 boulder beetles
  4 ice dragons
  7 ironbound frosthearts
  3 jorogumos
  9 hydras
  2 death knights (Vaults:2)
  3 radroaches
  3 centaur warriors
  2 tengu warriors
  5 two-headed ogres
  Erica (D:11)
  23 dancing weapons
  An orc high priest (Orc:2)
  Urug (Lair:4)
  Nergalle (D:10)
  13 deep elf knights
  Amaemon (D:10)
  2 shadow wraiths
  9 pharaoh ants
  4 sun moths
  41 deep trolls
  8 orb spiders
  An orb spider (shapeshifter) (Vaults:3)
  A sea snake (shapeshifter) (Vaults:3)
  A swamp dragon (Vaults:3)
  2 glowing orange brains
  5 steelbarb worms
  4 orc knights
  16 ironbound convokers
  15 wizards
  9 deep elf archers
  4 phantasmal warriors
  A necromancer (IceCv)
  19 wolf spiders
  32 deep elf pyromancers
  22 lindwurms
  19 deep elf zephyrmancers
  3 harpies (Vaults:1)
  27 ugly things
  4 orc sorcerers (Orc:2)
  9 manticores
  A mana viper (shapeshifter) (Vaults:5)
  5 cyclopes
  10 elephants
  A toenail golem (Volcano)
  4 moths of wrath
  A black mamba (shapeshifter) (Vaults:3)
  An ice statue (IceCv)
  4 torpor snails
  11 black mambas
  5 molten gargoyles
  16 vault sentinels
  A gargoyle (D:12)
  Psyche (D:9)
  The ghost of VibeKiller the Covert, a novice SpEn of Gozag (D:7)
  9 cane toads
  An orange demon (D:10)
  Maggie (D:10)
  7 freezing wraiths
  3 demonic crawlers
  25 yaktaurs
  2 kobold demonologists
  4 tengu conjurers
  7 komodo dragons
  3 efreet (Volcano)
  An anaconda simulacrum (IceCv)
  12 ice devils (IceCv)
  A queen bee (D:9)
  A wind drake (Lair:2)
  5 polar bears
  7 trolls
  A polar bear (shapeshifter) (D:14)
  4 meliai
  3 dream sheep (Lair:3)
  29 tarantellas
  44 slime creatures
  10 blink frogs
  24 jumping spiders
  A shadow (D:9)
  2 water elementals (Elf:2)
  25 culicivoras
  An air elemental (Elf:2)
  A wyvern (shapeshifter) (Vaults:1)
  42 yaks
  A vampire (D:12)
  7 wraiths
  9 wyverns
  2 dire elephant simulacra (IceCv)
  11 fire elementals
  11 basilisks
  6 vampire mosquitoes
  5 humans (D:6)
  68 redbacks
  3 death yak simulacra (IceCv)
  3 steam dragons
  5 wargs (Orc:2)
  2 harpy simulacra (IceCv)
  18 water moccasins
  A hydra simulacrum (IceCv)
  5 hell hounds
  An ice beast (D:5)
  28 orc warriors
  A sky beast (D:6)
  2 black bears
  A black bear (shapeshifter) (D:13)
  6 ogres
  24 wolves
  2 centaurs
  An earth elemental (Elf:2)
  A kobold brigand (Sewer)
  14 bullfrogs
  2 necrophages
  A gnoll sergeant (D:10)
  4 cane toad simulacra (IceCv)
  2 scorpions
  A water moccasin zombie (Ossuary)
  12 wights
  The ghost of Grokii the Trooper, a weakling MiAK of Lugonu (D:3)
  27 killer bees
  The ghost of Jingleheimer the Poker, a weakling DsGl (D:3)
  An electric eel (Spider:2)
  An elephant simulacrum (IceCv)
  A howler monkey (D:12)
  5 lava snakes (Lair:5)
  10 hounds
  20 orc priests
  A jelly (D:5)
  A gnoll bouda (D:5)
  7 iguanas
  19 orc wizards
  2 troll simulacra (IceCv)
  9 hell rats
  5 polar bear simulacra (IceCv)
  7 wolf simulacra (IceCv)
  2 mummies (Ossuary)
  6 gnolls
  12 adders
  7 river rats
  3 shadow imps
  5 white imps
  2 ufetubi (IceCv)
  6 adder zombies (Ossuary)
  3 worms
  5 dart slugs
  99 orcs
  9 ball pythons
  9 bats
  6 endoplasms
  A giant cockroach (D:4)
  12 goblins
  9 hobgoblins
  5 jackals
  7 frilled lizards
  4 gnoll zombies (Ossuary)
  6 hobgoblin zombies (Ossuary)
  21 kobolds
  2 kobold zombies (Ossuary)
  6 orc zombies (Ossuary)
  29 rats
  A fire vortex (Volcano)
  A lurking horror (D:4)
  A plant (Lair:1)
1549 creatures vanquished.

Vanquished Creatures (collateral kills)
  An ironbound preserver (Vaults:4)
  A war gargoyle (Vaults:4)
  A crystal guardian (Vaults:4)
  A deep troll (Vaults:4)
4 creatures vanquished.

Vanquished Creatures (others)
  An ogre mage (Vaults:5)
  A deep elf knight (Elf:2)
  A manticore (D:13)
  A redback (Spider:2)
  A human (D:9)
  An orc (Orc:2)
  26 fungi
  14 plants
  5 withered plants (D:3)
51 creatures vanquished.

Grand Total: 1604 creatures vanquished

Notes
Turn   | Place    | Note
-------+----------+-------------------------------------------
     0 | D:1      | boopmooplesden the Minotaur Berserker began the quest for
                  | the Orb.
     0 | D:1      | Reached XP level 1. HP: 19/19 MP: 0/0
   186 | D:1      | Found Otumorchun's Distillery.
   440 | D:1      | Found Ifyaku's Book Boutique.
   471 | D:1      | Reached skill level 4 in Axes
   471 | D:1      | Reached XP level 2. HP: 27/27 MP: 1/1
  1097 | D:1      | Found a faded altar of an unknown god.
  1230 | D:2      | Reached XP level 3. HP: 33/33 MP: 2/2
  1315 | D:2      | Reached ** piety under Trog
  2069 | D:3      | Noticed Jingleheimer's ghost (weakling DsGl)
  2069 | D:3      | Noticed Grokii's ghost (weakling MiAK)
  2069 | D:3      | Found a runed translucent gate.
  2069 | D:3      | Found a runed translucent gate.
  2069 | D:3      | Found a runed translucent gate.
  2086 | D:3      | Found Buphi's Jewellery Shop.
  2231 | D:3      | Reached XP level 4. HP: 41/41 MP: 3/3
  2269 | D:3      | Identified the +0 scale mail of Surprise {rC+ Regen+}
  2328 | D:3      | Reached skill level 5 in Axes
  2611 | D:3      | Found Forch's Weapon Shop.
  2635 | D:3      | Found Nesoi's Book Boutique.
  3022 | D:3      | Found Foraoluc's Armour Shop.
  3210 | D:3      | Killed Jingleheimer's ghost
  3211 | D:3      | Reached XP level 5. HP: 47/47 MP: 4/4
  3211 | D:3      | Killed Grokii's ghost
  3296 | D:4      | Reached *** piety under Trog
  3297 | D:4      | Reached XP level 6. HP: 46/55 MP: 5/5
  3304 | D:4      | Identified the +4 ring mail "Ipelayb" {Regen+ Stlth+}
  3407 | D:4      | Found a one-way gate to the infinite horrors of the Abyss.
  3407 | D:4      | Found a corrupted altar of Lugonu.
  3576 | D:4      | Reached skill level 6 in Axes
  3639 | D:4      | Reached skill level 5 in Fighting
  3880 | D:4      | Found a glowing golden altar of the Shining One.
  3993 | D:5      | Entered Level 5 of the Dungeon
  4036 | D:5      | Reached skill level 5 in Armour
  4062 | D:5      | Reached skill level 7 in Axes
  4062 | D:5      | Reached XP level 7. HP: 56/61 MP: 6/6
  4946 | D:5      | Reached skill level 8 in Axes
  5397 | D:5      | Reached XP level 8. HP: 70/70 MP: 7/7
  5470 | D:5      | Reached skill level 9 in Axes
  5863 | D:6      | Reached **** piety under Trog
  5912 | D:6      | Found a glowing drain.
  5925 | Sewer    | Entered a sewer
  6340 | Sewer    | Reached ***** piety under Trog
  6410 | D:6      | Found a staircase to the Ecumenical Temple.
  6555 | D:6      | Reached skill level 10 in Axes
  6555 | D:6      | Reached skill level 1 in Shields
  6559 | D:6      | Reached XP level 9. HP: 80/80 MP: 8/8
  6909 | D:6      | Found a stormy altar of Qazlal.
  7310 | D:6      | Reached skill level 11 in Axes
  7534 | D:7      | Found a runed translucent gate.
  7534 | D:7      | Found a runed translucent gate.
  7544 | D:7      | Found a runed translucent gate.
  7552 | D:7      | Found an ornate altar of the Wu Jian Council.
  7552 | D:7      | Found a sparkling altar of Nemelex Xobeh.
  7552 | D:7      | Noticed a two-headed ogre
  7555 | D:7      | Found Taitudu's Antique Armour Emporium.
  7560 | D:7      | Killed a two-headed ogre
  7715 | D:7      | Found a sand-covered staircase.
  7720 | Ossuary  | Entered an ossuary
  7847 | Ossuary  | Identified the +3 pair of gloves of Irerph {Slay+5}
  8592 | D:7      | Noticed VibeKiller's ghost (novice SpEn)
  8602 | D:7      | Killed VibeKiller's ghost
  8603 | D:7      | Reached skill level 12 in Axes
  8603 | D:7      | Reached XP level 10. HP: 90/90 MP: 9/9
  8893 | D:8      | Reached skill level 1 in Stealth
  9114 | D:8      | Identified the +5 executioner's axe of Impatience {flame,
                  | rN+} (Trog gifted it to you on level 8 of the Dungeon)
  9114 | D:8      | Received a gift from Trog
  9417 | D:9      | Found a shadowy altar of Dithmenos.
  9574 | D:9      | Noticed Psyche
  9590 | D:9      | Killed Psyche
  9591 | D:9      | Reached skill level 13 in Axes
 10210 | D:9      | Noticed a cyclops
 10217 | D:9      | Killed a cyclops
 10218 | D:9      | Reached skill level 14 in Axes
 10301 | D:9      | Found an ancient bone altar of Kikubaaqudgha.
 10352 | D:9      | Found a glowing silver altar of Zin.
 10439 | D:9      | Noticed Erolcha
 10448 | D:9      | Killed Erolcha
 10449 | D:9      | Reached skill level 5 in Dodging
 10692 | D:10     | Entered Level 10 of the Dungeon
 10720 | D:10     | Reached XP level 11. HP: 79/99 MP: 10/10
 10722 | D:10     | Found a radiant altar of Vehumet.
 10835 | D:10     | Noticed a two-headed ogre
 10842 | D:10     | Killed a two-headed ogre
 11140 | D:10     | Noticed Amaemon
 11147 | D:10     | Killed Amaemon
 11148 | D:10     | Reached skill level 10 in Fighting
 11148 | D:10     | Reached skill level 15 in Axes
 11314 | D:10     | Found a staircase to the Orcish Mines.
 11635 | D:10     | Found a sacrificial altar of Ru.
 11725 | D:10     | Reached skill level 5 in Shields
 11760 | D:10     | Noticed a wizard
 11767 | D:10     | Killed a wizard
 11768 | D:10     | Reached skill level 16 in Axes
 11805 | D:10     | Noticed a wizard
 11809 | D:10     | Killed a wizard
 11809 | D:10     | Reached ****** piety under Trog
 11822 | D:10     | Noticed a wizard
 11830 | D:10     | Killed a wizard
 11852 | D:10     | Noticed a wizard
 11855 | D:10     | Killed a wizard
 11856 | D:10     | Reached skill level 10 in Armour
 11867 | D:10     | Noticed Nergalle
 11871 | D:10     | Noticed a wizard
 11873 | D:10     | Killed Nergalle
 11875 | D:10     | Noticed a wizard
 11875 | D:10     | Noticed Maggie
 11877 | D:10     | Killed a wizard
 11880 | D:10     | Killed a wizard
 11881 | D:10     | Noticed a wizard
 11886 | D:10     | Killed Maggie
 11887 | D:10     | Reached XP level 12. HP: 82/108 MP: 11/11
 11888 | D:10     | Reached skill level 17 in Axes
 11946 | D:10     | Found the +3 warlock's mirror {reflect}
 12178 | D:11     | Noticed Snorg
 12178 | D:11     | Noticed a two-headed ogre
 12184 | D:11     | Killed a two-headed ogre
 12187 | D:11     | Killed Snorg
 12187 | D:11     | Received a gift from Trog
 12336 | D:11     | Found a staircase to the Lair.
 12803 | D:11     | Noticed Erica
 12807 | D:11     | Killed Erica
 12866 | D:11     | Noticed a five-headed hydra
 12872 | D:11     | Killed a three-headed hydra
 12956 | D:11     | Noticed Josephine
 12963 | D:11     | Killed Josephine
 12964 | D:11     | Reached skill level 18 in Axes
 13679 | D:12     | Noticed a two-headed ogre
 13684 | D:12     | Killed a two-headed ogre
 14192 | D:12     | You fall into a shaft and drop 1 floor!
 14239 | D:13     | Noticed a six-headed hydra
 14245 | D:13     | Killed a four-headed hydra
 14246 | D:13     | Reached skill level 19 in Axes
 14277 | D:13     | Reached XP level 13. HP: 110/118 MP: 12/12
 14278 | D:13     | Noticed Azrael
 14283 | D:13     | Killed Azrael
 14455 | D:13     | Found a frozen archway.
 14483 | IceCv    | Entered an ice cave
 14682 | IceCv    | Received a gift from Trog
 14850 | IceCv    | Reached skill level 20 in Axes
 15010 | IceCv    | Found an ancient bone altar of Kikubaaqudgha.
 16799 | D:13     | Noticed an ettin
 16802 | D:13     | Killed an ettin
 17039 | D:13     | Found a gate to the Vaults.
 17249 | D:12     | Identified the +1 robe of Boostromn {MP+9}
 18228 | D:14     | Found Uxyrch's Weapon Shop.
 18238 | D:14     | Reached skill level 21 in Axes
 18460 | D:14     | Found a sparkling altar of Nemelex Xobeh.
 18895 | D:15     | Entered Level 15 of the Dungeon
 18904 | D:15     | Reached XP level 14. HP: 129/129 MP: 13/13
 19344 | D:15     | Found a blossoming altar of Fedhas.
 19363 | D:15     | Received a gift from Trog
 19677 | D:15     | Found a staircase to the Depths.
 20213 | Lair:1   | Entered Level 1 of the Lair of Beasts
 20664 | Lair:1   | Identified the +5 spear of Inference {antimagic, rElec rC-
                  | SInv}
 21126 | Lair:2   | Reached skill level 22 in Axes
 21144 | Lair:2   | Received a gift from Trog
 21578 | Lair:2   | Found a staircase to the Shoals.
 22076 | Lair:3   | Found a hole to the Spider Nest.
 23533 | Lair:4   | Reached XP level 15. HP: 108/139 MP: 14/14
 23844 | Lair:4   | Found a viscous altar of Jiyva.
 23844 | Lair:4   | Found a staircase to the Slime Pits.
 23844 | Lair:4   | Noticed Urug
 23849 | Lair:4   | Killed Urug
 24090 | Lair:5   | Entered Level 5 of the Lair of Beasts
 24218 | Lair:5   | Received a gift from Trog
 24310 | Lair:5   | Found a dark tunnel.
 24320 | Volcano  | Entered a volcano
 24394 | Volcano  | Reached skill level 15 in Fighting
 25249 | Lair:5   | Found a large runed translucent door.
 25250 | Lair:5   | Found a large runed translucent door.
 25255 | Lair:5   | Reached skill level 10 in Shields
 26323 | D:3      | Bought the amulet "Raunyz" {Reflect SH+5 SInv Stlth+} for
                  | 484 gold pieces
 26323 | D:3      | Bought the ring of Xohum {*Corrode rF+ rC++ Will- Int+6}
                  | for 634 gold pieces
 26348 | D:3      | Bought a ring of poison resistance for 220 gold pieces
 26611 | Spider:1 | Entered Level 1 of the Spider Nest
 26654 | Spider:1 | Noticed Frances
 26665 | Spider:1 | Killed Frances
 26758 | Spider:1 | Reached skill level 23 in Axes
 27174 | Spider:1 | Received a gift from Trog
 27310 | Spider:1 | Noticed Agnes
 27322 | Spider:1 | Killed Agnes
 28414 | Spider:2 | Reached XP level 16. HP: 151/151 MP: 15/15
 29019 | Spider:3 | Reached skill level 24 in Axes
 29469 | Spider:3 | Received a gift from Trog
 29798 | Spider:3 | Noticed Jorgrun
 29811 | Spider:3 | Killed Jorgrun
 30483 | Spider:4 | Entered Level 4 of the Spider Nest
 30904 | Spider:4 | Identified the +7 broad axe of Infinite Pain {vorpal, rC+
                  | Will++ Stlth-} (Trog gifted it to you on level 4 of the
                  | Spider Nest)
 30904 | Spider:4 | Received a gift from Trog
 30972 | Spider:4 | HP: 4/155 [disintegration (12)]
 32293 | Spider:4 | Got a gossamer rune of Zot
 32629 | Vaults:1 | Entered Level 1 of the Vaults
 32639 | Vaults:1 | Identified the +0 robe of Resilience {rF+ Regen+ Int+4
                  | Stlth-}
 32886 | Vaults:1 | Reached XP level 17. HP: 163/163 MP: 16/16
 33322 | Vaults:1 | Received a gift from Trog
 34039 | Vaults:1 | Reached skill level 25 in Axes
 34825 | Vaults:1 | Received a gift from Trog
 34926 | Vaults:1 | Reached skill level 10 in Dodging
 35696 | Vaults:2 | Reached skill level 15 in Armour
 35729 | Vaults:2 | Reached XP level 18. HP: 110/176 MP: 17/17
 35925 | Vaults:2 | Received a gift from Trog
 36672 | Vaults:2 | Found Muqidee's Weapon Boutique.
 36889 | Vaults:2 | Found a staircase to the Crypt.
 37745 | Orc:1    | Entered Level 1 of the Orcish Mines
 37992 | Orc:2    | Entered Level 2 of the Orcish Mines
 38003 | Orc:2    | Found Isafaqis's Jewellery Shop.
 38018 | Orc:2    | Bought the ring "Xugiusoch" {rElec rC++ rCorr Str+6 Dex-4}
                  | for 841 gold pieces
 38239 | Orc:2    | Received a gift from Trog
 38623 | Orc:2    | Found a staircase to the Elven Halls.
 38965 | Orc:2    | Found Fajaf's Distillery.
 39112 | Orc:2    | Noticed Saint Roka
 39124 | Orc:2    | Found Kuthroo's Antique Armour Emporium.
 39143 | Orc:2    | Killed Saint Roka
 39489 | Orc:2    | Found Soeziy's Antique Weapon Shoppe.
 39534 | Elf:1    | Entered Level 1 of the Elven Halls
 39555 | Elf:1    | Reached skill level 26 in Axes
 39558 | Elf:1    | HP: 5/178 [deep elf zephyrmancer/bolt of lightning (37)]
 39562 | Elf:1    | Received a gift from Trog
 39566 | Elf:1    | HP: 4/178 [deep elf pyromancer/bolt of fire (2)]
 41115 | Elf:2    | Reached skill level 15 in Shields
 41508 | Elf:2    | Received a gift from Trog
 41532 | Elf:2    | Found a huge runed translucent gate.
 41532 | Elf:2    | Found a huge runed translucent gate.
 41532 | Elf:2    | Found a huge runed translucent gate.
 41532 | Elf:2    | Found a huge runed translucent gate.
 41532 | Elf:2    | Found a huge runed translucent gate.
 41977 | Elf:2    | Paralysed by an air elemental for 1 turns
 42039 | Elf:2    | Reached XP level 19. HP: 187/187 MP: 18/18
 42644 | Elf:2    | Received a gift from Trog
 43043 | Elf:3    | Entered Level 3 of the Elven Halls
 43350 | Elf:3    | Found Weugustad's Magic Scroll Boutique.
 44369 | Elf:3    | Identified the +0 plate armour of the Lion {Will+ Int+2
                  | Stlth+}
 44369 | Elf:3    | Identified the +6 dagger of the Rescuing Priest {vorpal,
                  | rPois}
 44709 | Elf:3    | Identified the +2 battleaxe "Suethr Toklio" {vorpal, rC+}
 44709 | Elf:3    | Identified the ring "Deux" {rCorr Dex+2 Slay+4}
 44758 | Elf:3    | Received a gift from Trog
 46429 | Vaults:3 | Identified the +9 arbalest of the Freezing Gods {freeze,
                  | rN+ Str+4 Int+3 Stlth-}
 46726 | Vaults:3 | Reached XP level 20. HP: 200/200 MP: 19/19
 46807 | Vaults:3 | Reached skill level 27 in Axes
 46922 | Vaults:3 | Identified the ring "Zisott" {Drain rPois Will+++ Int+2
                  | Dex+6}
 46928 | Vaults:3 | Received a gift from Trog
 47048 | Vaults:3 | Found the +7 Spriggan's Knife {stab, EV+4 Stlth+}
 47337 | Vaults:3 | Identified the +2 arbalest "Gaosegew" {elec, rPois}
 49197 | Orc:2    | Bought crude fire dragon scales for 2080 gold pieces
 49197 | Orc:2    | Identified the +1 fire dragon scales of Eternal Night {rF++
                  | rC- Dex+5} (You bought it in a shop on level 2 of the
                  | Orcish Mines)
 50013 | Vaults:4 | Found Zichidol's Magic Scroll Emporium.
 50261 | Vaults:5 | Entered Level 5 of the Vaults
 50269 | Vaults:5 | Received a gift from Trog
 50750 | Vaults:5 | Reached XP level 21. HP: 213/213 MP: 20/20
 51567 | Vaults:5 | Noticed a dread lich
 52125 | Vaults:5 | Killed a dread lich
 52143 | Vaults:5 | Shot with a bolt by a deep elf archer

Illustrated notes

Levels and vault maps discovered:
D:1:      dpeg_arrival_connections, layout_loops_corners,
          hellmonk_ecumenical_altar_inner_sanctum, serial_shops,
          nicolae_shop_hallway_stairs, nicolae_shop_behind_doors
D:2:      layout_loops_cross, supply_closet_lemuel
D:3:      minmay_skewed_foursquare, layout_basic, serial_shops, shop,
          nicolae_shop_window_shopping, shop, shop, gammafunk_ghost_cemetery,
          kennysheep_generic_room_11
D:4:      layout_cave_pools, tso_altar, amcnicky_altar_lugonu_corruption
D:5:      layout_loops_corners, minmay_joined_circles
D:6:      layout_basic, kennysheep_little_box, minmay_temple_entry_statues,
          lightli_sewer_entry_pipes, minmay_ruffians
D:7:      layout_loops_cross, chequers_temple_overflow_statue_of_worship,
          serial_shops, shop, ebering_ghost_rock_garden,
          nicolae_ossuary_entry_false_entrances
D:8:      layout_loops_cross
D:9:      layout_small_grid, mainiacjoe_overflow_tiny_flanked,
          grunt_dithmenos_shadows, tgw_kikubaaqudgha, minivault_7, uniq_erolcha,
          uniq_psyche
D:10:     minmay_smoke_and_mirrors, layout_basic, vehumet_altar_wand_db,
          mainiacjoe_overflow_brackets, minmay_orc_entry_temple_small,
          uniq_nergalle, uniq_amaemon, uniq_maggie
D:11:     layout_basic, lair_entry_dummy, pond, uniq_erica, uniq_josephine,
          uniq_snorg
D:12:     kennysheep_room_grid, layout_cave_pods, serial_rivers,
          chequers_serial_rivers_marsh, chequers_serial_rivers_large_b,
          chequers_serial_rivers_room_a, chequers_serial_rivers_micro_a
D:13:     layout_layer_cave, david_vaults_4,
          portal_ice_cave_entry_animals_and_master, uniq_azrael
D:14:     layout_roguey, serial_shops, nicolae_square_shop,
          nemelex_spade_bored_becter
D:15:     grunt_enter_depths_hoard, layout_basic, fedhas_altar_3
Lair:1:   layout_regular_city, cheibrodos_lair_reptile_den, serial_bayou_shore_b
Lair:2:   layout_loops_ring, minmay_shoals_entry_beasts, grunt_megastairs_1,
          lemuel_fruit_fields, serial_bayou_shore_b
Lair:3:   layout_chaotic_city, spider_nest_entry_web_field
Lair:4:   layout_cave_pods, slime_entry_1, uniq_urug
Lair:5:   cheibrodos_lair_end_hotspot, layout_gridlike,
          nicolae_volcano_entry_hallway, serial_bayou_pond_c, st_stairs_13
Spider:1: layout_spider_delve, drop_trap, uniq_agnes, uniq_frances
Spider:2: layout_spider_delve, drop_trap, hangedman_spider_tarantella_strand
Spider:3: layout_spider_delve, uniq_jorgrun
Spider:4: grunt_spider_rune_island, special_room
Orc:1:    layout_caves
Orc:2:    grunt_orc_community_town_hall, layout_caves,
          grunt_orc_community_big_house_1, grunt_orc_community_big_house_2,
          grunt_orc_community_house_1, grunt_orc_community_house_3,
          grunt_orc_community_house_1, grunt_orc_community_house_2,
          grunt_orc_community_house_3, grunt_orc_community_house_3, basic_altar,
          mines5_lemuel
Elf:1:    layout_loops_corners, minmay_elf_demonology
Elf:2:    elven_hall_of_blades_hangedman_alternative [nicolae_blade_tridents],
          layout_loops_cross
Elf:3:    minmay_elf_hall_curves, layout_gridlike, serial_shops, shop
Vaults:1: vaults_room_grunt_arrival_ludios,
          nicolae_vaults_windows_and_doors_thing, v_misc_9,
          nicolae_vaults_specimen_jars, ontoclasm_vaults_twist,
          hangedman_vaults_capsules, v_misc_11, vaults_room_pool,
          layout_vaults_omnigrid
Vaults:2: v_misc_18, hangedman_vaults_snaps, v_misc_17, ontoclasm_vaults_chip,
          hangedman_vaults_cutoff, nicolae_vaults_border_crossing,
          vaults_room_door_ring, nicolae_vaults_network_square,
          ontoclasm_vaults_claustrophobia, blue_anna_dwarven_crypt,
          ontoclasm_vaults_loading_screen, vaults_dpeg_diagonal,
          layout_vaults_omnibox, serial_shops, nicolae_diamond_shop
Vaults:3: v_misc_18, vaults_room_large_hall, vaults_dpeg_cross,
          hangedman_vaults_stream, nicolae_vaults_network_periphery,
          st_greater_box_4, dpeg_vaults_monster_row, vaults_dpeg_encased_lava,
          ontoclasm_vaults_fault, vaults_room_pool,
          nicolae_vaults_yaktaur_gun_rack, ontoclasm_vaults_chip,
          layout_vaults_big_cross
Vaults:4: nicolae_vaults_little_squares_2, nicolae_vaults_rhombus_7,
          vaults_room_hallway, vaults_room_grunt_arrival_checkpoint,
          grunt_vaults_bifocal, vaults_room_corners, v_rooms_4,
          vaults_room_guarded_vault, nicolae_vaults_big_angled_halls,
          vaults_dpeg_ring, hangedman_vaults_impose, v_misc_4,
          nicolae_vaults_gold_heap, v_misc_11, vaults_room_pools,
          layout_vaults_ring, serial_shops, nicolae_diamond_shop
Vaults:5: serial_shops

Skill      XL: |  1  2  3  4  5  6  7  8  9 10 11 12 13 14 15 16 17 18 19 20 21 |
---------------+----------------------------------------------------------------+-----
Axes           | 4 5 7 8 10 12 14 16 19 21 22 23 24 25 26 27 | 27.0
Fighting       | 4 5 6 7 8 9 10 12 13 14 16 17 19 20 21 23 24 | 24.2
Armour         | 4 5 6 7 8 9 10 11 12 13 14 15 16 17 | 17.4
Dodging        | 3 4 5 6 7 8 9 10 11 12 | 12.8
Shields        | 1 3 4 5 6 8 10 11 13 15 16 18 19 | 19.2
Stealth        | 1 2 3 4 |  4.8

Action                   |  1- 3 |  4- 6 |  7- 9 | 10-12 | 13-15 | 16-18 | 19-21 || total
-------------------------+-------+-------+-------+-------+-------+-------+-------++-------
Melee: Hand axe          |    87 |    33 |       |       |       |       |       ||   120
       Headbutt          |    11 |    14 |    48 |    58 |   158 |   218 |   159 ||   666
       War axe           |       |    81 |   312 |    27 |   243 |   335 |       ||   998
       Punch             |       |       |     3 |     1 |       |       |       ||     4
       Executioner's axe |       |       |       |   254 |   450 |   150 |       ||   854
       Broad axe         |       |       |       |       |       |   470 |   634 ||  1104
Throw: Boomerang         |       |       |       |       |     1 |       |       ||     1
Invok: Berserk           |       |     1 |     6 |     5 |    17 |    15 |    16 ||    60
       Trog's Hand       |       |     1 |       |       |     1 |       |     1 ||     3
       Brothers in Arms  |       |       |       |       |       |       |     1 ||     1
  Use: Scroll            |     4 |     6 |     4 |     4 |    18 |     2 |     2 ||    40
       Potion            |       |       |       |       |     3 |     7 |       ||    10
 Stab: Petrifying        |       |       |       |       |     1 |       |       ||     1
       Distracted        |       |       |       |       |     1 |     1 |       ||     2
       Sleeping          |       |       |       |       |       |     1 |       ||     1
       Paralysed         |       |       |       |       |       |     2 |       ||     2
Armor: Animal skin       |    12 |       |       |       |       |       |       ||    12
       Scale mail        |    19 |    60 |       |       |       |       |       ||    79
       Pearl dragon scal |       |       |   137 |   191 |   351 |   440 |   267 ||  1386
       Fire dragon scale |       |       |       |       |    31 |       |       ||    31
Dodge: Dodged            |    67 |    60 |   150 |   148 |   331 |   383 |   202 ||  1341
Block: Other             |       |       |    44 |    72 |   110 |    35 |       ||   261
       Reflection        |       |       |     1 |     1 |    11 |    71 |    62 ||   146
       Orb               |       |       |     1 |       |       |       |       ||     1
       Buckler           |       |       |       |       |   161 |   556 |   395 ||  1112
